 Dungeon Crawl Stone Soup version 0.28.0 (webtiles) character file.

Game seed: 14123582987378874883

803 ProzacElf the Sneak (level 8, 0/41 HPs)
             Began as a Kobold Air Elementalist on Feb 14, 2022.
             Was a Believer of Qazlal.
             Slain by a gnoll (6 damage)
             ... on level 5 of the Dungeon.
             The game lasted 00:14:41 (7077 turns).

ProzacElf the Sneak (Kobold Air Elementalist)       Turns: 7077, Time: 00:14:41

Health: 0/41       AC:  3    Str:  7    XL:     8   Next: 14%
Magic:  1/12       EV: 15    Int: 17    God:    Qazlal [**....]
Gold:   240        SH:  3    Dex: 15    Spells: 6/12 levels left

rFire   . . .      SeeInvis .   a - +0 dagger (venom)
rCold   . . .      Faith    +   (no shield)
rNeg    . . .      Spirit   .   c - +0 leather armour
rPois   .          Reflect  .   (no helmet)
rElec   .          Harm     .   (no cloak)
rCorr   .          Rampage  .   (no gloves)
Will    +....                   (no boots)
Stlth   +++.......              f - amulet of faith
HPRegen 0.13/turn               q - ring of willpower
MPRegen 0.13/turn               (no ring)

@: very slightly contaminated
A: small, no large weapons, nightstalker 3
a: Renounce Religion, Upheaval


You were on level 5 of the Dungeon.
You worshipped Qazlal.
Qazlal was pleased with you.
You visited 1 branch of the dungeon, and saw 5 of its levels.

You collected 240 gold pieces.

Inventory:

Hand Weapons
 a - a +0 dagger of venom (weapon)
 b - a +0 morningstar
 j - a +0 whip
 l - a +0 hand axe
 o - a +0 long sword
 A - a +0 flail
Missiles
 k - 58 sling bullets
 p - 58 stones
 u - 15 bolts
 y - 8 poisoned darts
Armour
 c - a +0 leather armour (worn)
 h - a +0 robe
 m - a +0 ring mail
Magical Staves
 v - a staff of earth
Jewellery
 f - an amulet of faith (around neck)
 q - a ring of willpower (left hand)
Wands
 t - a wand of iceblast (10)
 D - a wand of flame (22)
Scrolls
 e - a scroll of torment {unknown}
 g - a scroll of holy word {unknown}
 r - a scroll of vulnerability {unknown}
 C - a scroll of enchant weapon {unknown}
Potions
 d - a potion of berserk rage
 i - a potion of heal wounds
 n - a potion of curing {unknown}
 s - a potion of haste {unknown}
 w - 2 potions of lignification {unknown}
 x - a potion of ambrosia {unknown}
 z - a potion of degeneration {unknown}
 B - a potion of mutation {unknown}


   Skills:
 - Level 5.0 Dodging
 - Level 5.0 Stealth
 + Level 2.7 Spellcasting
 - Level 3.0 Conjurations
 - Level 5.0 Air Magic
 + Level 4.9 Invocations


You had 6 spell levels left.
You knew the following spells:

 Your Spells              Type           Power      Damage    Failure   Level
a - Shock                 Conj/Air       60%        1d6       5%          1
b - Static Discharge      Conj/Air       15%        N/A       8%          2
w - Swiftness             Air            19%        N/A       11%         3

Your spell library contained the following spells:

 Spells                   Type           Power      Damage    Failure   Level
 Airstrike                Air            9%         N/A       34%         4
 Sublimation of Blood     Necr           2%         N/A       38%         2
 Wereblood                Tmut           2%         N/A       38%         2
 Summon Hydra             Summ           1%         N/A       100%        7


Dungeon Overview and Level Annotations

Branches:
Dungeon (5/15)
 Temple: D:4-7

Altars:
Qazlal

Annotations:
D:3 3 runed translucent doors, FuzzyBison's ghost, amateur GnCK


Innate Abilities, Weirdness & Mutations

You are small and have problems with some larger weapons.
You are completely attuned to the shadows.


Message History

Confirm wit' . or Enter, or press ? or * ta list all spells.
Tha gnoll be struck by an arc o' lightnin'!
Ye kill tha gnoll!
Qazlal accepts yer kill.
Ye be struck by an arc o' lightnin'.
Tha lightnin' grounds out.
Yer magical contamination has completely faded away.
Ye take 2 damage, an' haf 24/41 hp.
Ye now haf 0/12 mp.
Tha gnoll closely misses ye.
Ye hit tha gnoll.
Tha gnoll be poison'd.
Tha gnoll be lightly wounded.
A hound zombie comes inta view.
Ye kill tha gnoll!
Qazlal accepts yer kill.
Yer +0 dagger o' venom stops drippin' wit' poison.
b - a +0 mornin'star (weapon)
Ye hit tha hound zombie.
Tha hound zombie be lightly damaged.
Ye block tha hound zombie's attack.
Tha hound zombie closely misses ye.
Ye closely miss tha hound zombie.
Tha hound zombie be lightly damaged.
Tha hound zombie barely misses ye.
Ye barely miss tha gnoll.
Tha gnoll hits ye wit' a +0 whip.
Ye take 6 damage, an' haf 21/41 hp.
Castin': Static Discharge (safe; 8% risk o' failure) Confirm wit' . or Enter, or press ? or * ta list all spells.
Ye miscast Static Discharge.
Ye be very lightly contaminated wit' residual magic.
Nuthin' appears ta happ'n.
Tha gnoll closely misses ye.
Tha gnoll barely misses ye.
Ye now haf 1/12 mp.
Okay, than.
Yer +0 dagger o' venom begins ta drip wit' poison!
a - a +0 dagger o' venom (weapon)
Tha gnoll hits ye wit' a +0 whip.
Ye take 3 damage, an' haf 19/41 hp.
Ye closely miss tha gnoll.
Tha gnoll hits ye from afar wit' a +0 halberd!
* * * LOW HITPOINT WARNIN'
* * * Tha gnoll hits ye wit' a +0 whip.
Ye die...

...........'...........'.#
...........#8.........8###
...........##.........##
...........###8.....8##
......##..#####.....##
............# ##8.8##
.......#.#..# ##'##
.........#..#####.#
..........)..Zgg@.#
..............#####
.............####
####..#......#..###
###.#.)..........##
#gZ.###.......#...#
##.#.##.....####...#
#Z.#####.##...##..## #..#
..........##


You could see 2 gnolls and a hound zombie.

Vanquished Creatures
  Grinder (D:3)
  Duvessa (D:4)
  Dowan (D:4)
  A gnoll shaman (D:5)
  Natasha (twice) (D:4)
  An orc wizard (D:4)
  Ijyb (D:4)
  3 iguanas (D:4)
  3 gnolls (D:5)
  14 adders
  An ufetubus (D:5)
  An adder skeleton (D:4)
  2 worms
  4 dart slugs
  9 orcs
  4 endoplasms
  3 giant cockroaches
  3 goblins
  5 hobgoblins
  2 quokkas
  7 ball pythons
  6 bats
  A frilled lizard (D:1)
  6 kobolds
  4 rats
86 creatures vanquished.

Vanquished Creatures (others)
  3 plants
3 creatures vanquished.

Grand Total: 89 creatures vanquished

Notes
Turn   | Place    | Note
-------+----------+-------------------------------------------
     0 | D:1      | ProzacElf the Kobold Air Elementalist began the quest for
                  | the Orb.
     0 | D:1      | Reached XP level 1. HP: 10/10 MP: 3/3
   243 | D:1      | Found a faded altar of an unknown god.
   248 | D:1      | Prayed at the altar of an unknown god.
   248 | D:1      | Became a worshipper of Qazlal Stormbringer
   248 | D:1      | Reached * piety under Qazlal
   281 | D:1      | Reached XP level 2. HP: 15/15 MP: 5/5
   788 | D:1      | Learned a level 2 spell: Static Discharge
  1332 | D:2      | Reached XP level 3. HP: 10/19 MP: 0/6
  1676 | D:2      | Learned a level 3 spell: Swiftness
  1775 | D:2      | Reached ** piety under Qazlal
  2008 | D:2      | Reached XP level 4. HP: 24/24 MP: 7/7
  3182 | D:3      | Noticed Grinder
  3199 | D:3      | Killed Grinder
  3200 | D:3      | Reached skill level 5 in Stealth
  3200 | D:3      | Reached skill level 5 in Air Magic
  3200 | D:3      | Reached skill level 1 in Invocations
  3200 | D:3      | Reached XP level 5. HP: 6/28 MP: 1/8
  3200 | D:3      | Reached XP level 6. HP: 7/32 MP: 1/9
  3693 | D:3      | Found a runed translucent gate.
  3694 | D:3      | Found a runed translucent gate.
  3695 | D:3      | Found a runed translucent gate.
  3848 | D:3      | Identified the +0 leather armour of Restlessness {Str+4
                  | Dex+2}
  3850 | D:3      | Noticed FuzzyBison's ghost (amateur GnCK)
  4518 | D:4      | Reached XP level 7. HP: 18/36 MP: 2/10
  5033 | D:4      | Noticed Ijyb
  5043 | D:4      | Killed Ijyb
  5510 | D:4      | Noticed Dowan
  5511 | D:4      | Noticed Duvessa
  5526 | D:4      | Killed Duvessa
  5533 | D:4      | Killed Dowan
  5534 | D:4      | Reached skill level 5 in Dodging
  5951 | D:4      | Noticed Natasha
  5961 | D:4      | Killed Natasha
  6306 | D:4      | Noticed Natasha
  6315 | D:4      | Killed Natasha
  6316 | D:4      | Reached XP level 8. HP: 31/41 MP: 8/11
  6648 | D:5      | Entered Level 5 of the Dungeon
  7077 | D:5      | Slain by a gnoll

Illustrated notes

Levels and vault maps discovered:
D:1:      kilobyte_arrival_exit_the_forest, layout_loops_cross,
          hellmonk_ecumenical_altar_run_dry, bh_walls_and_bars
D:2:      layout_basic
D:3:      layout_rooms, biasface_ghost_orc_armoury, uniq_grinder
D:4:      layout_basic, saegor_snake_ambush, uniq_duvessa, uniq_ijyb,
          uniq_natasha
D:5:      layout_cave_pools, minmay_temple_entry_gardened_gates,
          dk_noncrumbling_4, minmay_guarded_unrand_staff_of_olgreb, uniq_edmund,
          uniq_eustachio

Skill      XL: |  1  2  3  4  5  6  7 |
---------------+----------------------+-----
Stealth        | 3 5 |  5.0
Conjurations   | 2 3 |  3.0
Air Magic      | 5 |  5.0
Dodging        | 3 5 |  5.0
Invocations    | 1 2 4 |  4.9
Spellcasting   | |  2.7

Action                   |  1- 3 |  4- 6 |  7- 9 || total
-------------------------+-------+-------+-------++-------
Melee: Dagger            |    59 |    83 |   109 ||   251
       Punch             |       |     1 |       ||     1
       Morningstar       |       |       |     3 ||     3
 Cast: Shock             |    16 |     8 |     8 ||    32
       Static Discharge  |     3 |    20 |    19 ||    42
Invok: Upheaval          |       |     2 |     2 ||     4
  Use: Potion            |       |     3 |       ||     3
Armor: Robe              |     3 |       |       ||     3
       Leather armour    |     3 |    10 |    16 ||    29
Dodge: Dodged            |    38 |    67 |    99 ||   204
Block: Other             |     2 |     5 |    16 ||    23
